 Dungeon Crawl Stone Soup version 0.30-a0-605-gb2882149bf (webtiles) character file.

Game seed: 2127986722291158476

1351 OTABOTABOTAB the Destroyer (level 8, -6/41 HPs)
             Began as a Deep Elf Conjurer on Jan 8, 2023.
             Was a Follower of Sif Muna.
             Shot with an arrow by a centaur (9 damage)
             ... on level 6 of the Dungeon.
             The game lasted 00:09:50 (6478 turns).

OTABOTABOTAB the Destroyer (Deep Elf Conjurer)      Turns: 6478, Time: 00:09:50

Health: -6/41      AC:  5    Str:  4    XL:     8   Next: 36%
Magic:  13/20      EV: 12    Int: 26    God:    Sif Muna [*.....]
Gold:   346        SH:  0    Dex: 13    Spells: 10/21 levels left

rFire   . . .      SeeInvis +    c - +0 short sword
rCold   . . .      Faith    .    (no shield)
rNeg    . . .      Spirit   .    a - +0 robe
rPois   .          Reflect  .    u - +0 helmet
rElec   .          Harm     .    (no cloak)
rCorr   .          Rampage  .    k - +1 pair of gloves
Will    .....                    (no boots)
Stlth   ++                       (no amulet)
HPRegen 0.26/turn                V - ring of see invisible {sInv, !d}
MPRegen 0.17/turn                (no ring)

@: very slightly contaminated
A: no striking features
a: Renounce Religion, Channel Magic


You were on level 6 of the Dungeon.
You worshipped Sif Muna.
Sif Muna was aware of your devotion.
You visited 1 branch of the dungeon, and saw 6 of its levels.

You collected 346 gold pieces.

Inventory:

Hand Weapons
 c - a +0 short sword (weapon)
   (You took it off a kobold on level 1 of the Dungeon)
Missiles
 n - 12 poisoned darts
 s - 38 stones
 D - 2 silver boomerangs
Armour
 a - a +0 robe (worn)
 i - a +2 buckler
   (You found it on level 1 of the Dungeon)
 k - a +1 pair of gloves (worn)
   (You found it on level 2 of the Dungeon)
 u - a +0 helmet (worn)
   (You found it on level 2 of the Dungeon)
Jewellery
 V - a ring of see invisible (left hand) {sInv, !d}
   (You found it on level 6 of the Dungeon)
Wands
 e - a wand of charming (9)
   (You found it on level 5 of the Dungeon)
 q - a wand of flame (10)
   (You found it on level 4 of the Dungeon)
Scrolls
 r - 2 scrolls of poison {!r}
 E - 2 scrolls of fear
 K - a scroll of immolation {!r}
Potions
 b - 2 potions of heal wounds {unknown}
 d - a potion of flight {unknown}
 g - 2 potions of attraction {unknown}
 l - a potion of berserk rage {unknown}
 m - 4 potions of degeneration {!q}
 p - a potion of ambrosia {unknown}
 x - a potion of might {unknown}
 z - 2 potions of curing {unknown}
 B - 3 potions of brilliance
 M - a potion of magic
 P - 3 potions of lignification {!q}


   Skills:
 - Level 2.4 Dodging
 - Level 2.4 Stealth
 + Level 7.3 Spellcasting
 * Level 9.1 Conjurations
 - Level 3.0 Hexes
 - Level 3.0 Translocations
 + Level 3.2 Invocations


You had 10 spell levels left.
You knew the following spells:

 Your Spells              Type           Power      Damage    Failure   Level
a - Magic Dart            Conj           100%       1d8       1%          1
b - Searing Ray           Conj           100%       2d8       1%          2
c - Fulminant Prism       Conj/Hex       20%        3d12      4%          4
x - Iskenderun's Mystic   Conj/Tloc      41%        2d9       4%          4

Your spell library contained the following spells:

 Spells                   Type           Power      Damage    Failure   Level
 Slow                     Hex            100%       N/A       1%          1
 Dazzling Flash           Conj/Hex       82%        N/A       1%          3
 Confusing Touch          Hex            25%        N/A       5%          3
 Beastly Appendage        Tmut           18%        N/A       6%          1
 Wereblood                Tmut           9%         N/A       10%         2
 Spider Form              Tmut/Pois      9%         N/A       19%         3
 Vampiric Draining        Necr           9%         2d6       19%         3


Dungeon Overview and Level Annotations

Branches:
Dungeon (6/15)
 Temple: D:4-7

Altars:
Gozag
Sif Muna
Trog
Vehumet


Message History

An ufetubus comes into view.
The blast of energy engulfs Blork the orc!
The ufetubus shouts!
You now have 4/20 mp.
The searing ray hits Blork the orc!
You kill Blork the orc!
Sif Muna accepts your kill.
You now have 3/20 mp.
Aim: an ufetubus (100% to hit)
The magic dart hits the ufetubus.
You now have 2/20 mp.
Aim: an ufetubus (moderately wounded, 100% to hit)
The magic dart hits the ufetubus.
You now have 1/20 mp.
Aim: an ufetubus (heavily wounded, 100% to hit)
The magic dart hits the ufetubus.
You kill the ufetubus!
Sif Muna accepts your kill.
You now have 0/20 mp.
You start resting.
Your magical contamination has completely faded away.
Unknown command.
You start resting.
Unknown command.
MP restored: 20
Things that are here:
a +0 dire flail; a +0 robe; the orc corpse of Blork the orc
There is a shaft here.
s - 38 stones (gained 9)
m - 4 potions of degeneration {!q} (gained 1)
Found a stone staircase leading down.
There is a stone staircase leading down here.
There is a stone staircase leading down here.
You now have 335 gold pieces (gained 13).
You now have 346 gold pieces (gained 11).
A centaur comes into view.
A centaur is nearby!
The magic dart hits the centaur but does no damage.
The centaur shouts!
The centaur wields a +0 shortbow.
The centaur shoots an arrow.
The arrow hits you.
You take 3 damage, and have 38/41 hp.
You now have 19/20 mp.
The magic dart hits the centaur but does no damage.
The centaur shoots an arrow.
The arrow barely misses you.
You now have 18/20 mp.
You conjure a prism of explosive energy!
A fulminant prism comes into view.
The centaur shoots an arrow.
The arrow hits your fulminant prism!
You now have 14/20 mp.
The centaur shoots an arrow.
The arrow hits your fulminant prism.
The centaur shoots an arrow.
The arrow hits you!
You take 11 damage, and have 28/41 hp.
MASSIVE DAMAGE!!
You conjure a prism of explosive energy!
A fulminant prism comes into view.
The centaur shoots an arrow.
The arrow completely misses your fulminant prism.
The arrow misses you.
You now have 10/20 mp.
The centaur shoots an arrow.
The arrow hits your fulminant prism!
The centaur shoots an arrow.
The arrow hits your fulminant prism!
You conjure a prism of explosive energy!
A fulminant prism comes into view.
The centaur shoots an arrow.
The arrow completely misses your fulminant prism.
The arrow hits you.
You take 3 damage, and have 25/41 hp.
You now have 7/20 mp.
The centaur shoots an arrow.
The arrow hits your fulminant prism.
The centaur shoots an arrow.
The arrow hits your fulminant prism.
Your fulminant prism crackles loudly.
The centaur shoots an arrow.
The arrow hits your fulminant prism.
You conjure a prism of explosive energy!
A fulminant prism comes into view.
The centaur shoots an arrow.
The arrow hits your fulminant prism.
The centaur shoots an arrow.
The arrow hits your fulminant prism!
You now have 3/20 mp.
You don't have enough magic to cast this spell.
Okay, then.
The centaur shoots an arrow.
The arrow hits you but does no damage.
You regained 6 mp, and now have 9/20 mp.
You miscast Fulminant Prism.
You are very lightly contaminated with residual magic.
Nothing appears to happen.
The centaur shoots an arrow.
The arrow closely misses you.
You now have 8/20 mp.
You conjure a prism of explosive energy!
A fulminant prism comes into view.
The centaur shoots an arrow.
The arrow hits your fulminant prism.
The centaur shoots an arrow.
The arrow hits your fulminant prism.
You now have 7/20 mp.
The centaur shoots an arrow.
The arrow hits you!
You take 10 damage, and have 16/41 hp.
MASSIVE DAMAGE!!
You regained 5 mp, and now have 12/20 mp.
You conjure a prism of explosive energy!
A fulminant prism comes into view.
You feel less invigorated.
The centaur shoots an arrow.
The arrow hits you!
* * * LOW HITPOINT WARNING * * *
The centaur shoots an arrow.
The arrow hits you!
You die...

#.) ... #.# ... #.#
.... #.# ..... #.#
.....#### #.#
........# #..
...c....##### ######
#.*..@...########.....
###+####.##.........##
#..#.##.##..###.#
#.....#....## #.#
#........######.##
#...>.............
#....##########.##
#...............#
#.#..############


You could see a centaur (ally target) and a friendly fulminant prism.

Vanquished Creatures
  Sigmund (D:3)
  2 black bears (D:4)
  2 ogres
  A phantom (D:5)
  Blork the orc (D:6)
  4 scorpions (D:5)
  A jelly (D:5)
  5 orc priests
  Jessica (D:2)
  4 iguanas
  4 adders
  2 ufetubi
  5 worms
  2 dart slugs
  19 orcs
  9 ball pythons
  4 bats
  6 endoplasms
  2 giant cockroaches
  6 goblins
  9 hobgoblins
  3 quokkas
  3 frilled lizards
  8 kobolds
  4 rats (D:1)
108 creatures vanquished.

Vanquished Creatures (others)
  11 fulminant prisms
11 creatures vanquished.

Grand Total: 119 creatures vanquished

Notes
Turn   | Place    | Note
-------+----------+-------------------------------------------
     0 | D:1      | OTABOTABOTAB the Deep Elf Conjurer began the quest for the
                  | Orb.
     0 | D:1      | Reached XP level 1. HP: 10/10 MP: 6/6
   216 | D:1      | Reached XP level 2. HP: 15/15 MP: 2/8
   219 | D:1      | Learned a level 2 spell: Searing Ray
   836 | D:1      | Reached skill level 5 in Conjurations
  1157 | D:2      | Reached XP level 3. HP: 19/19 MP: 0/10
  1307 | D:2      | Identified the +5 ring mail of Isarauch {rF+ Will+ Str+2}
  1859 | D:2      | Found a faded altar of an unknown god.
  2024 | D:2      | Reached skill level 4 in Spellcasting
  2100 | D:2      | Noticed Jessica
  2103 | D:2      | Killed Jessica
  2104 | D:2      | Reached XP level 4. HP: 24/24 MP: 8/12
  2328 | D:2      | Learned a level 4 spell: Fulminant Prism
  2333 | D:2      | Learned a level 4 spell: Iskenderun's Mystic Blast
  2415 | D:3      | Noticed Sigmund
  2549 | D:3      | HP: 6/24 [orc priest/divine providence (9)]
  2631 | D:3      | Reached skill level 6 in Conjurations
  2882 | D:3      | Reached skill level 1 in Hexes
  3159 | D:3      | Reached skill level 1 in Translocations
  3159 | D:3      | Reached XP level 5. HP: 28/28 MP: 8/13
  3447 | D:3      | Killed Sigmund
  3448 | D:3      | Reached skill level 5 in Spellcasting
  3448 | D:3      | Reached skill level 2 in Hexes
  3448 | D:3      | Reached skill level 2 in Translocations
  3448 | D:3      | Reached XP level 6. HP: 32/32 MP: 5/15
  3612 | D:3      | Found a radiant altar of Vehumet.
  3942 | D:4      | Found a shimmering blue altar of Sif Muna.
  3955 | D:4      | Became a worshipper of Sif Muna the Loreminder
  3961 | D:4      | Reached skill level 7 in Conjurations
  3961 | D:4      | Reached skill level 3 in Hexes
  4370 | D:4      | Reached XP level 7. HP: 36/36 MP: 9/17
  4510 | D:4      | Reached skill level 6 in Spellcasting
  4510 | D:4      | Reached skill level 3 in Translocations
  4653 | D:4      | Reached skill level 1 in Invocations
  4841 | D:4      | Found a bloodstained altar of Trog.
  4878 | D:5      | Entered Level 5 of the Dungeon
  4884 | D:5      | Reached skill level 8 in Conjurations
  5051 | D:5      | Found an opulent altar of Gozag.
  5064 | D:5      | Reached skill level 2 in Invocations
  5173 | D:5      | Identified the +1 ring mail of Disguise {Regen+}
  5271 | D:5      | Reached XP level 8. HP: 41/41 MP: 16/20
  5388 | D:5      | Reached * piety under Sif Muna
  5427 | D:5      | Reached skill level 7 in Spellcasting
  5673 | D:5      | Reached skill level 3 in Invocations
  6111 | D:6      | Reached skill level 9 in Conjurations
  6221 | D:6      | Noticed Blork the orc
  6241 | D:6      | Killed Blork the orc
  6478 | D:6      | HP: 3/41 [centaur/arrow (13)]
  6478 | D:6      | Shot with an arrow by a centaur

Illustrated notes

Levels and vault maps discovered:
D:1:      giann_forest_graveyard, layout_basic, minmay_misc_feat_secret_circle
D:2:      layout_loops_ring, shapermc_ecumenical_altar_notcrosses,
          minmay_pentomino_z4, uniq_jessica
D:3:      layout_basic, nicolae_overflow_hidden_temple, serial_bayou_pond_d,
          minmay_quadrilaterals, uniq_sigmund
D:4:      dreamdust_elfheim, layout_rooms, trog_ov_bears_minmay,
          nicolae_sif_muna_condensation
D:5:      layout_cave_pools, mainiacjoe_overflow_surrounded_room,
          kennysheep_small_circle
D:6:      layout_basic, grunt_tough_drop, uniq_blork_the_orc

Skill      XL: |  1  2  3  4  5  6  7  8 |
---------------+-------------------------+-----
Conjurations   | 5 6 7 8 9 |  9.1
Spellcasting   | 4 5 6 7 |  7.3
Hexes          | 1 2 3 |  3.0
Translocations | 1 2 3 |  3.0
Invocations    | 2 3 |  3.2
Dodging        | |  2.4
Stealth        | |  2.4

Action                   |  1- 3 |  4- 6 |  7- 9 || total
-------------------------+-------+-------+-------++-------
Melee: Short sword       |     9 |     9 |       ||    18
       Punch             |     1 |       |       ||     1
 Cast: Magic Dart        |    59 |    58 |    56 ||   173
       Searing Ray       |     7 |    14 |    19 ||    40
       Fulminant Prism   |       |     2 |    10 ||    12
       Iskenderun's Myst |       |     2 |     2 ||     4
Invok: Channel Magic     |       |       |     1 ||     1
  Use: Scroll            |       |       |    13 ||    13
Armor: Robe              |     2 |     3 |     2 ||     7
Dodge: Dodged            |     5 |    17 |    12 ||    34

Table legend: (Time is in decaauts)
 A = Elapsed time spent in this place.
 B = Non-inter-level travel time spent in this place.
 C = Inter-level travel time spent in this place.
 D = Time resting spent in this place.
 E = Time spent auto-exploring this place.
 F = Levels seen in this place.
 G = Mean time per level.
                   A        B        C        D        E       F      G
               +--------+--------+--------+--------+--------+-----+--------+
         Total |   6479 |   6300 |    179 |    867 |   4793 |   6 | 1079.8 |
       Dungeon |   6479 |   6300 |    179 |    867 |   4793 |   6 | 1079.8 |
               +--------+--------+--------+--------+--------+-----+--------+

Top non-repeatable levels by time:
     D:3: 1515 daAuts
     D:1: 1225 daAuts
     D:2: 1203 daAuts
     D:4: 1064 daAuts
     D:5: 976 daAuts
     D:6: 495 daAuts

Table legend:
 A = Kills in this place as a percentage of kills in entire the game.
 B = Kills by you in this place as a percentage of kills by you in the entire game.
 C = Kills by friends in this place as a percentage of kills by friends in the entire game.
 D = Other kills in this place as a percentage of other kills in the entire game.
 E = Experience gained in this place as a percentage of experience gained in the entire game.
 F = Experience gained in this place divided by the number of levels of this place that you have seen.
                   A       B       C       D       E      F
               +-------+-------+-------+-------+-------+----------------------
         Total | 100.0 | 100.0 |   N/A |   N/A | 100.0 | 321.7
       Dungeon | 100.0 | 100.0 |   N/A |   N/A | 100.0 | 321.7
               +-------+-------+-------+-------+-------+----------------------
